 Dungeon Crawl Stone Soup version 0.17-a0-2055-gb4e23be (webtiles) character file.

2359 pk666 the Thaumaturge (level 9, 0/45 HPs)
             Began as a Deep Elf Wizard on Oct 11, 2015.
             Was an Elder of Sif Muna.
             Slain by a wraith (6 damage)
             ... on level 7 of the Dungeon.
             The game lasted 00:36:06 (11014 turns).

pk666 the Thaumaturge (Deep Elf Wizard)            Turns: 11014, Time: 00:36:06

Health: 0/45       AC:  3    Str:  4    XL:     9   Next: 20%
Magic:  1/24       EV: 19    Int: 27    God:    Sif Muna [****..]
Gold:   411        SH:  0    Dex: 13    Spells: 5 memorised, 16 levels left

rFire  . . .     SeeInvis .     n - +1 dagger (venom)
rCold  . . .     Clarity  .     a - +0 robe
rNeg   . . .     SustAt   .     (no shield)
rPois  .         Gourm    .     b - +1 hat
rElec  .         Spirit   .     (no cloak)
rCorr  .         Warding  .     (no gloves)
rMut   .         Stasis   .     (no boots)
MR     .....                    (no amulet)
Stlth  ++........               u - +5 ring of evasion
                                e - +2 ring of evasion

@: slowed, repel missiles, very slow, not resistant to hostile enchantments,
unstealthy
A: no striking features
a: Channel Energy, Forget Spell, Renounce Religion


You were on level 7 of the Dungeon.
You worshipped Sif Muna.
Sif Muna was greatly pleased with you.
You were very hungry.

You visited 1 branch of the dungeon, and saw 7 of its levels.
You also visited: Ossuary.

You collected 411 gold pieces.

Inventory:

Hand Weapons
 n - a +1 dagger of venom (weapon)
Armour
 a - a +0 robe (worn)
 b - a +1 hat (worn)
 F - a +2 robe of the Archmagi
Jewellery
 e - a +2 ring of evasion (left hand)
 k - a +3 ring of protection {unknown}
 u - a +5 ring of evasion (right hand)
Wands
 v - a wand of disintegration (14)
 w - a wand of fire (7)
Scrolls
 f - 4 scrolls of random uselessness {unknown}
 g - 4 scrolls of teleportation
 j - a scroll of magic mapping {unknown}
 o - 3 scrolls of identify
 p - 2 scrolls of fog
 q - 5 scrolls of remove curse
 t - 3 scrolls of immolation
 z - a scroll of blinking
Potions
 i - a potion of resistance {unknown}
 l - a potion of haste {unknown}
 r - 3 potions of curing {unknown}
 s - a potion of cure mutation {unknown}
 A - a potion of agility
 B - 2 potions of lignification {unknown}
 E - a potion of brilliance {unknown}
Books
 c - a book of Minor Magic

   Spells                             Type                      Level
   a - Magic Dart                     Conjuration                  1
   b - Blink                          Translocation                2
   c - Call Imp                       Summoning                    2
   d - Repel Missiles                 Charms/Air                   2
   e - Slow                           Hexes                        2
   f - Conjure Flame                  Conjuration/Fire             3
   g - Mephitic Cloud                 Conjuration/Poison/Air       3
 m - a book of Power

   Spells                             Type                      Level
   a - Fulminant Prism                Conjuration/Hexes            4
   b - Iskenderun's Mystic Blast      Conjuration                  4
   c - Venom Bolt                     Conjuration/Poison           5
   d - Bolt of Magma                  Conjuration/Fire/Earth       5
   e - Iron Shot                      Conjuration/Earth            6
   f - Orb of Destruction             Conjuration                  7
   g - Spellforged Servitor           Conjuration/Summoning        7
 y - a book of the Warp

   Spells                             Type                      Level
   a - Recall                         Summoning/Translocation      3
   b - Gell's Gravitas                Hexes/Translocation          3
   c - Force Lance                    Conjuration/Translocation    4
   d - Phase Shift                    Translocation                5
   e - Warp Weapon                    Charms/Translocation         5
   f - Summon Forest                  Summoning/Translocation      5
Comestibles
 d - 5 bread rations
 h - 4 fruits
 x - a meat ration
 C - 2 beef jerkies
 D - 6 slices of pizza


   Skills:
 - Level 2.4 Dodging
 - Level 2.4 Stealth
 + Level 9.9 Spellcasting
 + Level 7.6 Conjurations
   Level 1.1 Summonings
 - Level 1.1 Translocations
 + Level 6.3 Fire Magic
 - Level 3.3 Air Magic
 - Level 3.0 Poison Magic


You had 16 spell levels left.
You knew the following spells:

 Your Spells              Type           Power        Failure   Level  Hunger
d - Conjure Flame         Conj/Fire      ######..     1%          3    None
q - Blink                 Tloc           N/A          4%          2    None
w - Repel Missiles        Chrm/Air       ###...       3%          2    None
x - Mephitic Cloud        Conj/Pois/Air  #####...     1%          3    None
z - Magic Dart            Conj           ####         1%          1    None


Dungeon Overview and Level Annotations

Branches:
Dungeon (7/15)             Temple (0/1) D:5

Altars:
Kikubaaqudgha
Okawaru
Sif Muna
Trog
Yredelemnul
Zin

Shops:
D:6 (


Message History

Aim: a wraith (heavily damaged)
The magic dart hits the wraith.
The wraith is heavily damaged.
The wraith closely misses you.
Casting: Magic Dart
Confirm with . or Enter, or press ? or * to list all spells.
Aiming: Magic Dart
Press: ? - help, Shift-Dir - straight line, f/p - wraith
Aim: a wraith (heavily damaged)
The magic dart hits the wraith.
The wraith is heavily damaged.
The wraith hits you. The wraith hits you!
* * * LOW HITPOINT WARNING * * *
You barely miss the wraith.
The wraith is heavily damaged.
The wraith barely misses you.
You hit the wraith but do no damage.
The wraith is heavily damaged.
The wraith closely misses you. The wraith hits you.
You die...

# #...........# #........# #....
####...........###......).# #.###
........######............###.#..
........# #...(..........#.#..
........# #.......###......###
........# #......(# #...^..'..
........# #.......###).....###
........# #...W........<####..
........# ####.@####......# #.#
.#####+## #≈≈≈..≈≈≈#......# #.#
.## ##.#####≈≈≈..≈≈≈#......# #.#
..# #......#≈≈♣.♣♣≈≈#......# #.#
#.###......#≈..♣.♣.≈#......####.#
#..##......#≈.♣.♣..≈#...........#
##.##......#≈≈♣♣.♣≈≈#....########
#..#......#≈≈≈..≈≈≈#....# #...
###'#......#≈≈≈..≈≈≈#....# #.##


You could see a wraith.

Vanquished Creatures
  A human (D:7)
  A yak (D:7)
  A hog (D:7)
  Duvessa (D:7)
  A sky beast (D:6)
  2 orc warriors
  2 phantoms
  An ogre (D:4)
  A giant frog (D:7)
  Dowan (D:7)
  An electric eel (D:7)
  A troll skeleton (D:7)
  3 crimson imps
  A hound (D:6)
  2 jellies
  2 orc priests
  Ijyb (D:3)
  A human zombie (D:7)
  2 giant frog skeletons
  3 orc wizards
  Jessica (D:3)
  A centaur skeleton (D:5)
  2 iguanas
  A killer bee zombie (D:7)
  6 worker ants
  2 sheep (D:7)
  2 hound skeletons (D:5)
  3 mummies
  Robin (D:2)
  4 gnolls (D:3)
  7 adders
  2 shadow imps (D:6)
  4 worms
  4 giant geckos
  26 orcs
  5 giant cockroaches
  10 hobgoblins
  3 kobolds
  A quokka (D:7)
  A ball python (D:3)
  6 bats
  A giant cockroach zombie (D:6)
  2 giant gecko skeletons
  7 giant newts
  7 goblins
  4 jackals (D:2)
  A jackal skeleton (D:4)
  12 rats
  A butterfly (D:5)
156 creatures vanquished.

Notes
Turn   | Place    | Note
--------------------------------------------------------------
     0 | D:1      | pk666 the Deep Elf Wizard began the quest for the Orb.
     0 | D:1      | Reached XP level 1. HP: 10/10 MP: 7/7
   610 | D:1      | Reached XP level 2. HP: 15/15 MP: 5/9
   827 | D:2      | Reached skill level 5 in Spellcasting
  1054 | D:2      | Reached XP level 3. HP: 19/19 MP: 5/11
  1058 | D:2      | Learned a level 2 spell: Blink
  1061 | D:2      | Learned a level 2 spell: Repel Missiles
  1065 | D:2      | Learned a level 3 spell: Conjure Flame
  1069 | D:2      | Learned a level 3 spell: Mephitic Cloud
  1711 | D:2      | Noticed Robin
  2058 | D:2      | Reached XP level 4. HP: 20/24 MP: 4/13
  2452 | D:2      | Killed Robin
  2772 | D:3      | Reached skill level 1 in Poison Magic
  2930 | D:3      | Reached skill level 1 in Air Magic
  2963 | D:3      | Found a deep blue altar of Sif Muna.
  2969 | D:3      | Became a worshipper of Sif Muna the Loreminder
  2985 | D:3      | Reached skill level 6 in Spellcasting
  3152 | D:3      | Noticed Ijyb
  3164 | D:3      | Killed Ijyb
  3164 | D:3      | Reached XP level 5. HP: 28/28 MP: 1/15
  3750 | D:3      | Found a faded altar to an unknown god.
  3786 | D:3      | Noticed Jessica
  3790 | D:3      | Killed Jessica
  4082 | D:3      | Reached XP level 6. HP: 26/32 MP: 2/17
  4675 | D:4      | Acquired Sif Muna's first power
  5510 | D:4      | Noticed a moth of wrath
  5513 | D:4      | Found a bloodstained altar of Trog.
  5523 | D:4      | Reached skill level 1 in Fire Magic
  5628 | D:4      | Found a glowing silver altar of Zin.
  5704 | D:4      | Reached XP level 7. HP: 36/36 MP: 4/18
  5860 | D:5      | Entered Level 5 of the Dungeon
  6005 | D:4      | Reached skill level 5 in Conjurations
  6147 | D:5      | Found an ancient bone altar of Kikubaaqudgha.
  6198 | D:5      | Reached skill level 7 in Spellcasting
  6206 | D:5      | Found an iron altar of Okawaru.
  6256 | D:5      | Found a staircase to the Ecumenical Temple.
  6450 | D:5      | Found a sand-covered staircase.
  6604 | Ossuary  | Entered an ossuary
  6981 | D:5      | Found a basalt altar of Yredelemnul.
  7171 | D:5      | Acquired Sif Muna's second power
  7758 | D:6      | Found a deep blue altar of Sif Muna.
  8154 | D:6      | Found Edanlol's Weapon Emporium.
  8169 | D:6      | Reached XP level 8. HP: 15/41 MP: 15/21
  8504 | D:6      | Reached skill level 8 in Spellcasting
  8710 | D:7      | Noticed Duvessa
  8710 | D:7      | Noticed Dowan
  8725 | D:7      | Killed Duvessa
  8734 | D:7      | Killed Dowan
  9225 | D:7      | Reached skill level 9 in Spellcasting
  9225 | D:7      | Reached skill level 5 in Fire Magic
  9537 | D:7      | HP: 1/41 [electric eel/bolt of electricity (9)]
  9889 | D:7      | Reached XP level 9. HP: 24/45 MP: 18/24
 10454 | D:7      | Acquired Sif Muna's third power
 11014 | D:7      | Slain by a wraith

Vault maps used:
D:1:      scummos_arrival_simple_fountains, minivault_11,
          minmay_misc_feat_secret_circle, minmay_misc_feat_square, hex_large
D:2:      first_bread, uniq_robin
D:3:      ecumenical_altar_1, led_sif_pool, uniq_iyjb, uniq_jessica
D:4:      zin_statuary, tgw_trog
D:5:      kiku_gazebo_garden_becter, overflow_temple_1_default,
          minmay_temple_entry_butterflies,
          nicolae_ossuary_entry_false_entrances, basic_altar, fountainhead,
          st_stairs_9
D:6:      nicolae_overflow_hidden_temple, serial_shops, shop
D:7:      lemuel_mausoleum_altar_yredelemnul, grunt_livestock,
          kennysheep_generic_room_4, uniq_duvessa
Ossuary:  ossuary_minmay_chase

Action                   |  1- 3 |  4- 6 |  7- 9 || total
-------------------------+-------+-------+-------++-------
Melee: Dagger            |     7 |     4 |    43 ||    54
 Cast: Magic Dart        |    97 |   172 |   277 ||   546
       Conjure Flame     |     4 |    10 |    24 ||    38
       Mephitic Cloud    |     2 |     9 |    15 ||    26
       Repel Missiles    |     1 |     1 |       ||     2
       Blink             |       |     2 |     8 ||    10
  Use: Scroll            |     3 |       |     5 ||     8
 Stab: Confused          |       |       |     5 ||     5
  Eat: Chunk             |     2 |    12 |     6 ||    20
       Pizza             |       |       |     2 ||     2
       Beef jerky        |       |       |     1 ||     1
       Meat ration       |       |       |     1 ||     1
